 Dungeon Crawl Stone Soup version 0.20-a0-261-gcb1eca7 (webtiles) character file.

337155 Gorice the Sniper (level 22, -10/142 HPs)
             Began as a Kobold Arcane Marksman on Nov 28, 2016.
             Was the Champion of Okawaru.
             Mangled by a phantasmal warrior (22 damage)
             ... while paralysed by a vampire knight
             ... on level 3 of the Vaults on Dec 3, 2016.
             The game lasted 07:31:35 (58142 turns).

Gorice the Sniper (Kobold Arcane Marksman)         Turns: 58142, Time: 07:31:36

Health: -10/142    AC: 21    Str: 23    XL:     22   Next: 89%
Magic:  31/31      EV:  3    Int: 19    God:    Okawaru [******]
Gold:   659        SH:  0    Dex: 22    Spells: 20/33 levels left

rFire  + . .     SeeInvis +     b - +2 triple crossbow of Urgency {elec, rC+++ Str-2 Dex+6}
rCold  + + +     Gourm    .     h - +2 ring mail of Defiance {+Blink Slay+3 Stlth+}
rNeg   + . .     Faith    .     (shield currently unavailable)
rPois  .         Spirit   .     c - +3 crown of Dyrovepreva {rElec Int+2 SInv}
rElec  +         Reflect  +     o - +0 cloak {MR+}
rCorr  .         Harm     .     O - +3 pair of gauntlets of War {Slay+5}
MR     +....                    Q - +2 pair of boots {run}
Stlth  +++.......               k - brooch of Shielding {Reflect SH+8}
                                I - ring "Leedgh" {rF+ rN+ Int+3 Stlth+}
                                e - ring "Ymmenes" {+Fly Str+8}

@: paralysed, vulnerable, repel missiles, drained, quick
A: carnivore 3
}: 2/15 runes: serpentine, barnacled
a: Heroism, Finesse, Renounce Religion, Evoke Blink, Evoke Flight


You were on level 3 of the Vaults.
You worshipped Okawaru.
Okawaru was exalted by your worship.
You were completely stuffed.

You visited 8 branches of the dungeon, and saw 37 of its levels.
You visited 2 bazaars.
You also visited: Sewer and Volcano.

You collected 4647 gold pieces.
You spent 3988 gold pieces at shops.

Inventory:

Hand Weapons
 a - the +8 mace of Animal Spirits {speed, rElec rN+ Str+4}
   (You found it on level 7 of the Dungeon)

   Attacks with this weapon are significantly faster.
   It affects your strength (+4).
   It insulates you from electricity.
   It protects you from negative energy.
 b - the +2 triple crossbow of Urgency (weapon) {elec, rC+++ Str-2 Dex+6}
   (Okawaru gifted it to you on level 3 of the Lair of Beasts)

   It charges the ammunition it shoots with electricity; occasionally upon a
   hit, such missiles may discharge and cause terrible harm.
   It affects your strength (-2).
   It affects your dexterity (+6).
   It renders you almost immune to cold.
Missiles
 d - 1359 bolts (quivered)
 Y - 10 throwing nets
Armour
 c - the +3 crown of Dyrovepreva (worn) {rElec Int+2 SInv}
   (You bought it in a shop on level 1 of the Shoals)

   It affects your intelligence (+2).
   It insulates you from electricity.
   It lets you see invisible.
 h - the +2 ring mail of Defiance (worn) {+Blink Slay+3 Stlth+}
   (Okawaru gifted it to you on level 13 of the Dungeon)

   It affects your accuracy and damage with ranged weapons and melee attacks
   (+3).
   It lets you blink.
   It makes you more stealthy.
 o - a +0 cloak of magic resistance (worn)
   (You took it off Nikola on level 2 of the Snake Pit)
 O - the +3 pair of gauntlets of War (worn) {Slay+5}
   (You bought it in a shop on level 2 of the Orcish Mines)

   It affects your accuracy and damage with ranged weapons and melee attacks
   (+5).
 Q - a +2 pair of boots of running (worn)
   (Okawaru gifted it to you on level 6 of the Lair of Beasts)
Rods
 S - a -1 rod of shadows (13/13) {!a}
   (You found it on level 6 of the Lair of Beasts)
Jewellery
 e - the ring "Ymmenes" (left hand) {+Fly Str+8}
   (You bought it in a shop on level 2 of the Orcish Mines)

   [ring of flight]

   It affects your strength (+8).
   It lets you fly.
 k - the brooch of Shielding (around neck) {Reflect SH+8}
   (You bought it in a shop on level 5 of the Dungeon)

   [amulet of reflection]

   It shields you and reflects attacks.
   It affects your SH (+8).
 p - an uncursed ring of poison resistance
 C - an uncursed ring of resist corrosion
 I - the ring "Leedgh" (right hand) {rF+ rN+ Int+3 Stlth+}
   (You bought it in a shop in a bazaar)

   [ring of protection from fire]

   It affects your intelligence (+3).
   It protects you from fire.
   It protects you from negative energy.
   It makes you more stealthy.
Wands
 g - a wand of paralysis (12/24)
 s - a wand of enslavement (9/24)
 v - a wand of iceblast (9/15)
 y - a wand of disintegration (2/24)
 F - a wand of acid (5/15)
 H - a wand of digging (6/24)
 M - a wand of teleportation (8/9) {!d}
Scrolls
 j - 5 scrolls of teleportation {!r}
 n - 11 scrolls of remove curse
 q - a scroll of fear {!r}
 t - 8 scrolls of fog
 u - 12 scrolls of identify
 E - 5 scrolls of magic mapping {!r}
 G - 2 scrolls of blinking
 X - a scroll of silence {!r}
Potions
 w - 8 potions of might {!q}
 D - 20 potions of curing
 K - 3 potions of cancellation {!q}
 L - a potion of resistance {!q}
 N - 6 potions of agility {!q}
 R - 3 potions of haste {!q}
Miscellaneous
 m - a sack of spiders
Comestibles
 f - 20 meat rations {!e}
 l - 16 beef jerkies


   Skills:
 + Level 16.1(15.8) Fighting
   Level 6.0(5.7) Short Blades
 - Level 22.3(21.9) Crossbows
 - Level 10.0(9.7) Armour
 + Level 19.3(18.9) Dodging
 - Level 6.1(5.8) Spellcasting
 - Level 10.0(9.7) Hexes
 - Level 6.0(5.7) Charms
 - Level 7.0(6.7) Summonings
 + Level 1.2(0.9) Translocations
 - Level 8.0(7.7) Air Magic
 + Level 9.4(9.1) Invocations
 - Level 12.4(12.1) Evocations


You had 20 spell levels left.
You knew the following spells:

 Your Spells              Type           Power        Failure   Level  Hunger
a - Corona                Hex            #####..      1%          1    None
b - Slow                  Hex            #####...     1%          2    None
c - Cause Fear            Hex            #####.....   3%          4    ####...
A - Apportation           Tloc           #.........   14%         1    None
B - Summon Butterflies    Summ           ####....     1%          1    None
M - Repel Missiles        Chrm/Air       ####..       1%          2    None
S - Swiftness             Chrm/Air       ####....     1%          2    None


Dungeon Overview and Level Annotations

Branches:
Dungeon (15/15)            Temple (1/1) D:5            Lair (6/6) D:11
 Shoals (4/4) Lair:3        Snake (4/4) Lair:4        Slime (0/5) Lair:5
    Orc (2/2) D:12            Elf (0/3) Orc:2        Vaults (4/5) D:14
  Crypt (1/3) Vaults:3     Depths (0/5) D:15

Altars:
Ashenzari
Cheibriados
Dithmenos
Elyvilon
Fedhas
Gozag
Hepliaklqana
Kikubaaqudgha
Makhleb
Nemelex Xobeh
Okawaru
Qazlal
Ru
Sif Muna
Trog
Uskayaw
Vehumet
Xom
Yredelemnul
Zin
The Shining One
Jiyva

Shops:
D:5 =   Orc:2 =%[?   Shoals:1 [![(   Shoals:2 [   Snake:1 *   Snake:3 }}=
Vaults:4 =

Annotations:
Lair:5 1 runed door


Innate Abilities, Weirdness & Mutations

You are small and have problems with some larger weapons.
You are carnivorous and can eat meat at any time.


Message History

The phantasmal warrior completely misses you.
A death knight comes into view. It is wielding an enchanted battleaxe.
Damage: 16 (max 20)
The vampire knight hits you with a battleaxe!!
* * * LOW HITPOINT WARNING * * *
The vampire knight closely misses you. The eidolon stares piercingly at you.
The bolt of negative energy hits the vampire knight.
The vampire knight completely resists.
The bolt of negative energy hits you! You partially resist.
You feel drained.
* * * LOW HITPOINT WARNING * * *
You block the phantasmal warrior's attack.
You climb upwards.
Welcome back to the Vaults!
There is a staircase to the Crypt here.
Unknown command.
Unknown command.
Unknown command.
Unknown command.
Unknown command.
Unknown command.
Unknown command.
Unknown command.
Unknown command.
Unknown command.
Unknown command.
Damage: 35 (max 35) Unknown command.
Unknown command.
Unknown command.
The phantasmal warrior hits you!!
* * * LOW HITPOINT WARNING * * *
Your magical defenses are stripped away!
The vampire knight misses you. You block the vampire knight's attack.
Damage: 17 (max 35)
You block the phantasmal warrior's attack.
The vampire knight gestures at you while chanting.
You suddenly lose the ability to move!
The phantasmal warrior hits you!!
* * * LOW HITPOINT WARNING * * *
The vampire knight points at you and mumbles some strange words.
You resist with some effort.
The vampire knight hits you but does no damage.
The vampire knight bites you but does no damage.
The phantasmal warrior hits you but does no damage.
The vampire knight hits you but does no damage.
The vampire knight bites you.
* * * LOW HITPOINT WARNING * * *
The vampire knight draws strength from your injuries!
The phantasmal warrior hits you!!
You die...

# #....# ##..## # ###..#
#.##.# #..#######[##### #
###..'.......[...# #
#..[)#.8.#####.8.#
###....'.(.#...#...#
.....###.###._.###.#######
.....# #)#.....V[#)#.....#
######
#)#...>.W@))#..(..########
#)#.......#.'.###.#......#
#)###._.###.'.###.'......#
#.).#...#...#.....#......#
#.8.#####.8.#.....#......#
#.....).....#######......#
#######'####### #......#
#.......# #......#
#.......# #......#


You could see a vampire knight and a phantasmal warrior.

Vanquished Creatures
  Frederick (Vaults:3)
  Vashnia (Snake:4)
  Nikola (Snake:2)
  A tentacled monstrosity (Vaults:2)
  The ghost of ThermosAquaticus the Executioner, an adept FoFi of Okawaru (Shoals:3)
  3 sphinxes
  Kirke (Shoals:4)
  A tengu reaver (Vaults:2)
  Ilsuiw (Shoals:4)
  Donald (Shoals:1)
  12 nagarajas
  A frost giant (Vaults:2)
  Louise (Shoals:1)
  2 fire giants
  7 vault wardens
  An orc warlord (Orc:1)
  Aizul (Snake:3)
  4 stone giants
  10 ironheart preservers
  A very ugly thing (Vaults:1)
  2 entropy weavers
  4 deep elf annihilators
  An ettin (Vaults:4)
  2 deep elf death magi (Vaults:1)
  5 merfolk javelineers
  4 fire dragons
  A jiangshi (Vaults:3)
  2 great orbs of eyes
  8 merfolk impalers
  11 yaktaur captains
  Harold (D:11)
  2 rakshasas
  2 vault guards (Vaults:4)
  3 ice dragons
  A great orb of eyes (shapeshifter) (Vaults:3)
  13 hydras
  4 alligator snapping turtles
  8 merfolk avatars
  8 naga warriors
  2 satyrs
  2 death knights
  4 centaur warriors
  2 catoblepae
  6 merfolk aquamancers (Shoals:4)
  7 ogre magi
  2 dancing weapons
  12 anacondas
  A tengu warrior (D:14)
  2 deep troll earth magi
  A deep troll shaman (Vaults:4)
  5 death yaks (Lair:5)
  4 deep elf knights
  Urug (Lair:2)
  7 shock serpents
  4 orc high priests
  18 naga sharpshooters
  6 salamander mystics
  A shadow wraith (Vaults:4)
  4 hell knights (Vaults:4)
  15 skeletal warriors
  3 glowing orange brains
  An unseen horror (shapeshifter) (Vaults:3)
  15 sea snakes
  A flayed ghost (Vaults:4)
  5 deep trolls
  4 hill giants
  An unseen horror (Vaults:1)
  A kraken simulacrum (Shoals:4)
  8 naga ritualists
  2 wizards
  8 ironbrand convokers
  9 mana vipers
  21 harpies
  5 wolf spiders
  4 necromancers
  10 ugly things
  7 oklob plants
  15 orc knights
  12 deep elf magi
  An orb spider (shapeshifter) (Vaults:4)
  21 salamanders
  13 fauns
  7 orc sorcerers
  A fire giant zombie (Vaults:1)
  A moth of wrath (shapeshifter) (Vaults:2)
  13 manticores
  10 cyclopes
  A frost giant skeleton (Vaults:1)
  6 vault sentinels
  Maurice (D:11)
  A stone giant skeleton (Vaults:1)
  11 merfolk sirens
  3 guardian serpents
  A spectral centaur (D:14)
  2 torpor snails
  10 water nymphs
  An ice statue (Lair:3)
  25 naga magi
  A gargoyle (D:10)
  34 black mambas
  15 spiny frogs
  A yaktaur zombie (Vaults:1)
  A yaktaur (shapeshifter) (Vaults:3)
  4 demonic crawlers (D:14)
  3 rime drakes
  9 komodo dragons
  An ice devil (Lair:3)
  7 freezing wraiths
  37 yaktaurs
  A meliai (shapeshifter) (D:14)
  7 trolls
  6 polar bears
  A jumping spider (Vaults:3)
  17 two-headed ogres
  5 hornets
  35 merfolk
  2 two-headed ogres (shapeshifter)
  13 blink frogs
  2 wind drakes
  A harpy skeleton (D:13)
  9 dream sheep
  8 snapping turtles
  A snapping turtle (shapeshifter) (D:14)
  14 hippogriffs
  5 slime creatures (Vaults:2)
  12 spriggans (Lair:6)
  7 wyverns
  2 redbacks (Vaults:3)
  A shadow (D:15)
  A yak (shapeshifter) (Vaults:2)
  12 fire bats
  A tarantella (shapeshifter) (Vaults:3)
  3 vampires
  5 basilisks
  7 water elementals
  70 yaks
  2 steam dragons
  4 wraiths
  A hungry ghost (D:12)
  A yaktaur simulacrum (Vaults:1)
  38 nagas
  6 wargs
  A soldier ant (shapeshifter) (Vaults:2)
  A soldier ant (D:13)
  7 water moccasins
  12 porcupines
  A floating eye (D:14)
  Purgy (Sewer)
  A hornet zombie (D:12)
  A human zombie (Vaults:1)
  43 orc warriors
  7 sky beasts
  8 black bears
  An eye of draining (D:15)
  12 ice beasts
  5 boggarts (Lair:6)
  2 phantoms
  37 ogres
  20 wolves
  33 centaurs
  16 crocodiles
  2 big kobolds
  17 bullfrogs
  3 small abominations (D:14)
  4 wyvern zombies
  A human skeleton (Vaults:1)
  5 scorpions
  3 human simulacra (Vaults:1)
  5 killer bees
  4 wights (Vaults:3)
  2 howler monkeys
  2 electric eels (Lair:5)
  3 crimson imps
  2 bullfrog zombies
  7 centaur zombies
  A quasit (D:6)
  3 hounds
  26 orc priests
  3 bullfrog skeletons
  5 jellies
  9 centaur skeletons
  3 iguanas
  29 orc wizards
  10 worker ants
  A mummy (D:5)
  A worker ant zombie (D:9)
  Robin (D:2)
  3 river rats (D:3)
  11 adders
  8 gnolls
  3 shadow imps
  2 white imps (Lair:3)
  An adder zombie (D:9)
  5 adder skeletons
  3 worms (D:3)
  2 dart slugs
  4 leopard geckos
  90 orcs
  3 ball pythons
  6 giant cockroaches
  18 goblins
  3 hobgoblins
  5 jackals
  7 quokkas
  6 bats
  8 frilled lizards
  34 kobolds
  A leopard gecko skeleton (D:4)
  A quokka skeleton (D:5)
  6 rats
  3 rat zombies (D:8)
  37 plants
1545 creatures vanquished.

Vanquished Creatures (others)
  A stone giant (Vaults:4)
  A merfolk javelineer (Shoals:4)
  A merfolk impaler (Shoals:1)
  2 yaktaur captains
  A centaur warrior (D:15)
  A satyr (Shoals:4)
  A wizard (Vaults:1)
  A salamander (Snake:4)
  3 black mambas
  5 yaktaurs
  7 humans (Shoals:4)
  3 wyverns (Volcano)
  A naga (Snake:4)
  A steam dragon (Volcano)
  3 centaurs
  3 killer bees (D:13)
  A worker ant (D:13)
  2 orcs
  2 goblins (D:2)
  6 fungi
  49 plants
  4 tentacles (Shoals:4)
99 creatures vanquished.

Grand Total: 1644 creatures vanquished

Notes
Turn   | Place    | Note
-------+----------+-------------------------------------------
     0 | D:1      | Gorice the Kobold Arcane Marksman began the quest for the Orb.
     0 | D:1      | Reached XP level 1. HP: 12/12 MP: 2/2
   180 | D:1      | Reached skill level 3 in Crossbows
   344 | D:1      | Reached XP level 2. HP: 16/16 MP: 0/3
  1023 | D:2      | Found a faded altar of an unknown god.
  1112 | D:2      | Reached XP level 3. HP: 12/20 MP: 4/4
  1765 | D:2      | Noticed Robin
  1964 | D:1      | Reached skill level 1 in Short Blades
  2014 | D:2      | Killed Robin
  2014 | D:2      | Reached skill level 4 in Crossbows
  2014 | D:2      | Reached XP level 4. HP: 18/25 MP: 0/5
  2436 | D:2      | Reached skill level 2 in Short Blades
  2476 | D:2      | Reached XP level 5. HP: 29/29 MP: 6/6
  3290 | D:3      | Reached skill level 5 in Crossbows
  3290 | D:3      | Reached skill level 4 in Hexes
  3294 | D:3      | Learned a level 2 spell: Slow
  3413 | D:3      | Reached skill level 3 in Short Blades
  3413 | D:3      | Reached XP level 6. HP: 34/34 MP: 5/7
  3423 | D:3      | Found a glowing drain.
  3428 | Sewer    | Entered a sewer
  3513 | Sewer    | Noticed Purgy
  3550 | Sewer    | Killed Purgy
  3651 | Sewer    | --never realised there was a secret extra loot cave in Purgy's sewer!
  4006 | D:4      | Found a sparkling altar of Nemelex Xobeh.
  4100 | D:4      | Noticed an ogre
  4119 | D:4      | Killed an ogre
  4119 | D:4      | Reached skill level 4 in Short Blades
  4119 | D:4      | Reached XP level 7. HP: 38/38 MP: 4/8
  4349 | D:4      | Reached skill level 6 in Crossbows
  4638 | D:5      | Entered Level 5 of the Dungeon
  4699 | D:4      | Reached skill level 5 in Hexes
  4910 | D:5      | You fall through a shaft for 2 floors!
  4922 | D:7      | HP: 10/38 [orc priest/divine providence (11)]
  5008 | D:6      | Reached skill level 5 in Short Blades
  5269 | D:6      | Reached XP level 8. HP: 28/43 MP: 3/9
  5536 | D:5      | Found Lux Yxotz's Jewellery Boutique.
  5579 | D:5      | Reached skill level 6 in Short Blades
  5579 | D:5      | Reached skill level 7 in Crossbows
  5990 | D:5      | Found a burning altar of Makhleb.
  5992 | D:5      | Noticed a blizzard demon
  6078 | D:5      | Found a staircase to the Ecumenical Temple.
  6093 | D:5      | Reached skill level 2 in Fighting
  6093 | D:5      | Reached skill level 6 in Hexes
  6115 | Temple   | Entered the Ecumenical Temple
  6249 | Temple   | Became a worshipper of Warmaster Okawaru
  6903 | D:6      | Reached skill level 3 in Fighting
  7071 | D:6      | Reached * piety under Okawaru
  7071 | D:6      | Reached skill level 8 in Crossbows
  7071 | D:6      | Reached XP level 9. HP: 49/51 MP: 6/10
  7650 | D:7      | Noticed a two-headed ogre
  7737 | D:6      | Killed a two-headed ogre
  7737 | D:6      | Reached skill level 4 in Fighting
  7796 | D:7      | You fall through a shaft!
  7814 | D:8      | Noticed a hippogriff
  8028 | D:7      | Learned a level 4 spell: Cause Fear
  8188 | D:7      | Killed a hippogriff
  8188 | D:7      | Reached skill level 7 in Hexes
  8225 | D:7      | Found a white marble altar of Elyvilon.
  8241 | D:7      | Reached skill level 9 in Crossbows
  8328 | D:7      | Got a twisted mace
  8371 | D:7      | Found a deep blue altar of Sif Muna.
  8664 | D:7      | Reached skill level 5 in Fighting
  8857 | D:7      | Upgraded the game from 0.20-a0-217-g17e8ceb to 0.20-a0-222-gb69ddcd
  8865 | D:8      | You fall through a shaft for 2 floors!
  8865 | D:10     | Entered Level 10 of the Dungeon
  8866 | D:10     | --How many shafts has this guy fallen through now!
  8888 | D:10     | Reached ** piety under Okawaru
  9159 | D:8      | Found an ancient bone altar of Kikubaaqudgha.
  9209 | D:8      | Found a blossoming altar of Fedhas.
  9220 | D:8      | Reached XP level 10. HP: 60/60 MP: 9/11
  9244 | D:8      | Reached skill level 6 in Fighting
  9244 | D:8      | Reached skill level 8 in Hexes
  9314 | D:8      | Identified the +8 mace of Animal Spirits {speed, rElec rN+ Str+4} (You found it on level 7 of the Dungeon)
  9342 | D:8      | Found a shattered altar of Ashenzari.
  9508 | D:8      | Found a glowing silver altar of Zin.
  9575 | D:8      | HP: 13/60 [orc warrior/trident (10)]
  9636 | D:7      | Reached skill level 10 in Crossbows
  9990 | D:8      | Reached skill level 1 in Invocations
 10114 | D:8      | Reached *** piety under Okawaru
 10114 | D:8      | Reached skill level 2 in Invocations
 10151 | D:8      | Reached skill level 7 in Fighting
 10337 | D:9      | Found a glowing silver altar of Zin.
 10424 | D:9      | Reached skill level 3 in Dodging
 10517 | D:9      | HP: 18/63 [orc warrior/war axe (15)]
 10789 | D:9      | Received a gift from Okawaru
 10807 | D:9      | Reached skill level 9 in Hexes
 11267 | D:9      | Identified the Reference Book on the Scorching Snowflakes
 11530 | D:9      | Reached skill level 4 in Dodging
 11855 | D:10     | Noticed a hill giant
 11855 | D:10     | Noticed a gargoyle
 11923 | D:9      | Received a gift from Okawaru
 11972 | D:10     | Reached skill level 8 in Fighting
 12164 | D:10     | Reached skill level 5 in Dodging
 12212 | D:10     | Reached **** piety under Okawaru
 12251 | D:10     | Reached XP level 11. HP: 68/68 MP: 6/12
 12643 | D:5      | Bought the brooch of Shielding {Reflect SH+8} for 480 gold pieces
 12836 | D:11     | Noticed a six-headed hydra
 13025 | D:11     | Reached skill level 6 in Dodging
 13117 | D:11     | Noticed Maurice
 13123 | D:11     | Noticed Harold
 13134 | D:11     | Killed Maurice
 13264 | D:10     | Reached skill level 9 in Fighting
 13264 | D:10     | Reached skill level 10 in Hexes
 13342 | D:11     | Killed a six-headed hydra
 13342 | D:11     | Reached skill level 2 in Spellcasting
 13624 | D:10     | Reached skill level 7 in Dodging
 13674 | D:10     | Reached ***** piety under Okawaru
 13683 | D:10     | Reached skill level 3 in Spellcasting
 13743 | D:11     | Received a gift from Okawaru
 13913 | D:11     | Found a staircase to the Lair.
 14415 | Lair:1   | Entered Level 1 of the Lair of Beasts
 14471 | Lair:1   | Reached skill level 8 in Dodging
 14477 | Lair:1   | Received a gift from Okawaru
 14477 | Lair:1   | Reached skill level 10 in Fighting
 14477 | Lair:1   | Reached skill level 4 in Spellcasting
 14559 | Lair:1   | Noticed an eight-headed hydra
 14624 | Lair:1   | Killed an eight-headed hydra
 14624 | Lair:1   | Reached XP level 12. HP: 32/77 MP: 14/18
 15318 | Lair:1   | Noticed a six-headed hydra
 15379 | Lair:1   | Killed a six-headed hydra
 15379 | Lair:1   | Reached skill level 9 in Dodging
 15379 | Lair:1   | Reached skill level 5 in Spellcasting
 15669 | Lair:2   | Noticed Urug
 15924 | Lair:2   | Killed Urug
 16296 | Lair:2   | Upgraded the game from 0.20-a0-222-gb69ddcd to 0.20-a0-251-g16a58bf
 16351 | Lair:2   | Noticed a five-headed hydra
 16398 | Lair:2   | Killed a five-headed hydra
 16398 | Lair:2   | Reached skill level 11 in Fighting
 16398 | Lair:2   | Reached skill level 6 in Spellcasting
 16881 | Lair:3   | Received a gift from Okawaru
 16881 | Lair:3   | Reached skill level 1 in Armour
 16881 | Lair:3   | Reached skill level 10 in Dodging
 16891 | Lair:3   | Got an iridescent triple crossbow {god gift}
 16892 | Lair:3   | Identified the +2 triple crossbow of Urgency {elec, rC+++ Str-2 Dex+6} (Okawaru gifted it to you on level 3 of the Lair of Beasts)
 16893 | Lair:3   | --not bad...
 17432 | Lair:3   | Reached skill level 2 in Armour
 17447 | Lair:3   | HP: 17/80 [blink frog (9)]
 17775 | Lair:3   | HP: 18/80 [yak (14)]
 17779 | Lair:3   | Reached XP level 13. HP: 20/85 MP: 11/22
 17846 | Lair:3   | Found a staircase to the Shoals.
 18204 | Lair:1   | Identified a scroll of acquirement
 18205 | Lair:1   | Got a pair of encrusted boots
 18211 | Lair:1   | Identified the +1 pair of boots "Puogud" {Str+2} (You acquired it on level 1 of the Lair of Beasts)
 18259 | Lair:3   | Reached skill level 3 in Armour
 18350 | Lair:4   | Noticed a four-headed hydra
 18360 | Lair:4   | Reached skill level 11 in Dodging
 18390 | Lair:3   | Killed a four-headed hydra
 18390 | Lair:3   | Received a gift from Okawaru
 18548 | Lair:4   | Reached skill level 12 in Fighting
 18604 | Lair:4   | Found a dark tunnel.
 18618 | Volcano  | Entered a volcano
 18687 | Volcano  | Reached skill level 4 in Armour
 18838 | Volcano  | HP: 22/86 [salamander/enchanted halberd (7)]
 18861 | Volcano  | HP: 25/86 [salamander/trident (4)]
 19358 | Volcano  | Noticed a fire dragon
 19365 | Volcano  | Killed a fire dragon
 19365 | Volcano  | Received a gift from Okawaru
 19365 | Volcano  | Reached skill level 5 in Armour
 19365 | Volcano  | Reached skill level 12 in Dodging
 19366 | Volcano  | Got a pair of polished boots {god gift}
 19463 | Volcano  | Identified the +0 pair of boots of Fortitude {rC+ MR+ Int+3 Dex-3} (Okawaru gifted it to you in a volcano)
 19622 | Lair:4   | Noticed a four-headed hydra
 19650 | Lair:4   | Killed a four-headed hydra
 20042 | Lair:4   | Found a staircase to the Snake Pit.
 20563 | Lair:5   | Found a runed door.
 20564 | Lair:5   | Found a viscous altar of Jiyva.
 20564 | Lair:5   | Noticed an acid blob
 20565 | Lair:5   | Found a staircase to the Slime Pits.
 20565 | Lair:5   | Noticed an acid blob
 21082 | Lair:4   | Reached skill level 13 in Fighting
 21169 | Lair:5   | Reached skill level 6 in Armour
 21169 | Lair:5   | Reached XP level 14. HP: 94/94 MP: 19/23
 21285 | Lair:5   | Reached ****** piety under Okawaru
 21365 | Lair:5   | Got a sheer robe
 21787 | Lair:5   | Received a gift from Okawaru
 22068 | Lair:5   | Reached skill level 3 in Invocations
 22507 | Lair:4   | Reached skill level 4 in Invocations
 22624 | Lair:6   | Entered Level 6 of the Lair of Beasts
 22699 | Lair:5   | Received a gift from Okawaru
 22814 | Lair:5   | Reached skill level 11 in Crossbows
 23099 | Lair:5   | Reached skill level 5 in Invocations
 23319 | Lair:6   | Received a gift from Okawaru
 23578 | Lair:6   | Received a gift from Okawaru
 23852 | Lair:6   | Reached skill level 6 in Invocations
 23911 | Lair:6   | Reached skill level 14 in Fighting
 23978 | Lair:6   | Received a gift from Okawaru
 24008 | Lair:6   | Identified a +1 pair of boots of running (Okawaru gifted it to you on level 6 of the Lair of Beasts)
 24008 | Lair:6   | --Yay boots of running!
 24063 | Lair:6   | Reached skill level 12 in Crossbows
 24291 | Lair:6   | Reached XP level 15. HP: 100/100 MP: 24/24
 24324 | Lair:6   | Reached skill level 7 in Invocations
 25135 | Lair:6   | Identified a -1 rod of shadows (13/13) (You found it on level 6 of the Lair of Beasts)
 25297 | Lair:1   | Learned a level 1 spell: Summon Butterflies
 25314 | Lair:1   | Identified the +1 robe of Submission {rF+ rC+ rCorr Int+3} (You found it on level 5 of the Lair of Beasts)
 25510 | D:11     | Killed Harold
 25555 | D:11     | Upgraded the game from 0.20-a0-251-g16a58bf to 0.20-a0-256-gabb291d
 25745 | D:12     | Received a gift from Okawaru
 25745 | D:12     | Reached skill level 8 in Invocations
 25751 | D:12     | Reached skill level 13 in Crossbows
 25837 | D:12     | Found a staircase to the Orcish Mines.
 26046 | D:12     | Received a gift from Okawaru
 26103 | D:12     | --Damn: Firestarter and I can't wield it!
 26516 | D:12     | Received a gift from Okawaru
 26516 | D:12     | Reached skill level 15 in Fighting
 26855 | D:13     | Found a flickering gateway to a bazaar.
 26873 | Bazaar   | Entered a bazaar
 26876 | Bazaar   | Found Fogismef's General Store.
 26889 | Bazaar   | Found Doxtaexo's Armour Boutique.
 26889 | Bazaar   | Found Giuvu's Magic Scroll Shop.
 26894 | Bazaar   | Bought a scroll of identify for 14 gold pieces
 26894 | Bazaar   | Bought a scroll of identify for 14 gold pieces
 26925 | Bazaar   | Found Modwaacu's Jewellery Boutique.
 26947 | Bazaar   | Bought the ring "Leedgh" {rF+ rN+ Int+3 Stlth+} for 498 gold pieces
 26947 | Bazaar   | Bought a cursed amulet of inaccuracy for 22 gold pieces
 26986 | Bazaar   | Bought a scroll of enchant armour for 52 gold pieces
 26986 | Bazaar   | Bought a scroll of brand weapon for 140 gold pieces
 26986 | Bazaar   | Bought a scroll of fog for 14 gold pieces
 26986 | Bazaar   | Bought a scroll of recharging for 66 gold pieces
 26986 | Bazaar   | Bought a scroll of silence for 52 gold pieces
 26998 | Bazaar   | Bought a scroll of identify for 30 gold pieces
 26998 | Bazaar   | Bought a potion of haste for 150 gold pieces
 27743 | D:13     | Reached skill level 13 in Dodging
 27778 | D:13     | Received a gift from Okawaru
 27782 | D:13     | Got an encrusted ring mail {god gift}
 27822 | D:13     | Identified the +2 ring mail of Defiance {+Blink Slay+3 Stlth+} (Okawaru gifted it to you on level 13 of the Dungeon)
 27834 | D:13     | Reached skill level 14 in Crossbows
 28284 | Orc:1    | Entered Level 1 of the Orcish Mines
 28401 | Orc:2    | Entered Level 2 of the Orcish Mines
 28404 | Orc:2    | Noticed an orc warlord
 28423 | Orc:1    | Killed an orc warlord
 29135 | Orc:2    | Found a staircase to the Elven Halls.
 29726 | Orc:2    | Reached skill level 1 in Evocations
 30034 | Orc:1    | You fall through a shaft!
 30295 | Orc:2    | Reached XP level 16. HP: 108/108 MP: 25/25
 30322 | Orc:2    | Reached skill level 2 in Evocations
 30352 | Orc:2    | HP: 22/108 [orc knight/battleaxe (44)]
 30355 | Orc:2    | Reached skill level 15 in Crossbows
 30361 | Orc:2    | HP: 18/108 [orc warrior/hand axe (7)]
 30376 | Orc:2    | HP: 20/108 [something/magic dart (2)]
 30391 | Orc:2    | HP: 14/108 [troll (11)]
 30480 | Orc:2    | HP: 21/108 [orc high priest/divine providence (17)]
 30965 | Orc:2    | Found Devvoerchoi's Magic Scroll Shop.
 30965 | Orc:2    | Found Ulyuff's Antique Armour Shop.
 30967 | Orc:2    | Found Lasomuri's Jewellery Shoppe.
 31006 | Orc:2    | Found Saerop's Food Shoppe.
 31063 | Orc:2    | Bought a scroll of identify for 32 gold pieces
 31063 | Orc:2    | Bought a scroll of identify for 32 gold pieces
 31378 | D:14     | Received a gift from Okawaru
 31509 | D:14     | Reached skill level 3 in Evocations
 31714 | D:14     | Reached skill level 14 in Dodging
 31765 | D:14     | HP: 27/108 [centaur/arrow[a centaur warrior] (12)]
 32109 | D:13     | Reached skill level 4 in Evocations
 32564 | D:14     | Reached skill level 16 in Crossbows
 32564 | D:14     | Reached skill level 5 in Evocations
 32663 | D:14     | Identified the Disquisition on Lucky Intoxication
 32809 | D:14     | Found a gate to the Vaults.
 33283 | Orc:2    | Bought the +3 pair of gauntlets of War {Slay+5} for 1235 gold pieces
 33564 | D:15     | Entered Level 15 of the Dungeon
 33680 | D:15     | Noticed a fire giant
 33683 | D:15     | Found a staircase to the Depths.
 33690 | D:15     | Killed a fire giant
 33811 | D:15     | Received a gift from Okawaru
 34025 | D:15     | Reached skill level 6 in Evocations
 34506 | Lair:1   | Learned a level 2 spell: Repel Missiles
 34509 | Lair:1   | Learned a level 2 spell: Swiftness
 34615 | Snake:1  | Entered Level 1 of the Snake Pit
 34689 | Snake:1  | Found Boplittu's General Store.
 34712 | Snake:1  | Reached XP level 17. HP: 107/113 MP: 26/26
 34853 | Snake:1  | Reached skill level 7 in Evocations
 34987 | Snake:1  | Received a gift from Okawaru
 34987 | Snake:1  | Reached skill level 17 in Crossbows
 35180 | Snake:2  | Reached skill level 15 in Dodging
 35517 | Snake:2  | Noticed Nikola
 35523 | Snake:2  | HP: 31/113 [something (11)]
 35528 | Snake:2  | HP: 19/113 [Nikola/chain lightning (14)]
 35528 | Snake:2  | HP: 4/113 [Nikola/chain lightning (7)]
 35538 | Snake:2  | Killed Nikola
 35680 | Snake:2  | HP: 32/113 [salamander/halberd (15)]
 35971 | Snake:2  | Reached skill level 8 in Evocations
 36546 | Snake:2  | Upgraded the game from 0.20-a0-256-gabb291d to 0.20-a0-259-gc929cd2
 36659 | Snake:3  | Reached skill level 18 in Crossbows
 36707 | Snake:3  | HP: 33/113 [salamander/halberd of protection (6)]
 37514 | Snake:3  | Reached skill level 9 in Evocations
 37548 | Snake:3  | Received a gift from Okawaru
 37694 | Snake:3  | Found Beghot's Gadget Emporium.
 37697 | Snake:3  | Found Cufuonit's Gadget Emporium.
 37712 | Snake:3  | Found Xaichucw's Jewellery Boutique.
 37965 | Snake:3  | Received a gift from Okawaru
 38293 | Snake:3  | Received a gift from Okawaru
 38293 | Snake:3  | Reached XP level 18. HP: 119/119 MP: 27/27
 38321 | Snake:3  | Reached skill level 16 in Dodging
 38663 | Snake:3  | Reached skill level 10 in Evocations
 38807 | Snake:3  | Got a warped leather armour
 39128 | Snake:3  | Identified the +3 leather armour of Taytrer {rElec rPois} (You found it on level 3 of the Snake Pit)
 39591 | Snake:4  | Entered Level 4 of the Snake Pit
 39594 | Snake:4  | Noticed Aizul
 39649 | Snake:4  | Noticed Vashnia
 39650 | Snake:4  | Received a gift from Okawaru
 39650 | Snake:4  | Reached skill level 19 in Crossbows
 39663 | Snake:3  | Killed Aizul
 39830 | Snake:4  | HP: 15/119 [naga sharpshooter/bolt (24)]
 39830 | Snake:4  | HP: 2/119 [naga sharpshooter/arrow[Vashnia] (13)]
 40618 | Orc:2    | Bought the ring "Ymmenes" {+Fly Str+8} for 454 gold pieces
 40881 | Shoals:1 | Entered Level 1 of the Shoals
 40881 | Shoals:1 | Found a flickering gateway to a bazaar.
 40897 | Shoals:1 | Found Someud's Armour Shoppe.
 40897 | Shoals:1 | Found a shimmering altar of Xom.
 40899 | Shoals:1 | Received a gift from Okawaru
 40936 | Bazaar   | Entered a bazaar
 40938 | Bazaar   | Found Kostras's Gadget Emporium.
 40946 | Bazaar   | Found Pokk's Book Boutique.
 40980 | Bazaar   | Found Jacautye's Gadget Shoppe.
 40988 | Bazaar   | Found Heiqum's Weapon Shop.
 41201 | Shoals:1 | Noticed Louise
 41210 | Shoals:1 | Killed Louise
 41547 | Shoals:1 | Found Soylit's Distillery.
 41662 | Shoals:1 | Found a shimmering altar of Xom.
 41691 | Shoals:1 | Found Diuruint's Antique Armour Shoppe.
 41696 | Shoals:1 | Noticed Donald
 41703 | Shoals:1 | Killed Donald
 41999 | Shoals:1 | Found Peisacsa's Antique Weapon Boutique.
 42074 | Shoals:2 | Found Neokkap's Antique Armour Emporium.
 42431 | Shoals:2 | Reached skill level 20 in Crossbows
 42673 | Shoals:2 | Reached skill level 17 in Dodging
 42994 | Shoals:2 | Upgraded the game from 0.20-a0-259-gc929cd2 to 0.20-a0-261-gcb1eca7
 43494 | Shoals:3 | Reached skill level 1 in Air Magic
 43577 | Shoals:3 | Reached skill level 1 in Charms
 43584 | Shoals:3 | Received a gift from Okawaru
 43607 | Shoals:3 | Found a runed door.
 43825 | Shoals:3 | Reached XP level 19. HP: 124/124 MP: 28/28
 43942 | Shoals:3 | Reached skill level 2 in Air Magic
 44102 | Shoals:4 | Entered Level 4 of the Shoals
 44118 | Shoals:4 | Reached skill level 2 in Charms
 44127 | Shoals:4 | Reached skill level 1 in Summonings
 44419 | Shoals:4 | Reached skill level 2 in Summonings
 44487 | Shoals:4 | Reached skill level 3 in Air Magic
 44563 | Shoals:4 | Got a barnacled rune of Zot
 44609 | Shoals:4 | Learned a level 1 spell: Apportation
 44623 | Shoals:4 | Reached skill level 21 in Crossbows
 44706 | Shoals:4 | Noticed Kirke
 44716 | Shoals:4 | Killed Kirke
 44736 | Shoals:4 | Received a gift from Okawaru
 44742 | Shoals:4 | Reached skill level 3 in Charms
 44766 | Shoals:4 | Reached skill level 3 in Summonings
 44778 | Shoals:4 | HP: 37/124 [sea snake (11)]
 44804 | Shoals:4 | HP: 37/124 [merfolk impaler/trident of freezing (8)]
 44818 | Shoals:4 | HP: 27/124 [merfolk impaler/trident of protection (14)]
 44835 | Shoals:4 | HP: 16/124 [merfolk/trident (15)]
 44838 | Shoals:4 | HP: 4/124 [merfolk/trident (13)]
 45241 | Shoals:3 | Noticed ThermosAquaticus's ghost (adept FoFi)
 45257 | Shoals:3 | Killed ThermosAquaticus's ghost
 45371 | Shoals:4 | Reached skill level 4 in Air Magic
 45409 | Shoals:4 | Noticed Ilsuiw
 45451 | Shoals:4 | Killed Ilsuiw
 45768 | Shoals:4 | Received a gift from Okawaru
 45768 | Shoals:4 | Reached skill level 4 in Summonings
 46037 | Shoals:4 | Reached skill level 4 in Charms
 46947 | Snake:4  | Reached skill level 5 in Air Magic
 46956 | Snake:4  | Killed Vashnia
 46956 | Snake:4  | Reached skill level 5 in Summonings
 46956 | Snake:4  | Reached XP level 20. HP: 118/129 MP: 29/29
 47337 | Snake:4  | Reached skill level 5 in Charms
 47341 | Snake:4  | Received a gift from Okawaru
 47361 | Snake:4  | Reached skill level 22 in Crossbows
 47364 | Snake:4  | Reached skill level 6 in Air Magic
 47379 | Snake:4  | Received a gift from Okawaru
 47691 | Snake:4  | Reached skill level 6 in Summonings
 47838 | Snake:4  | Received a gift from Okawaru
 48121 | Snake:4  | Got a serpentine rune of Zot
 49312 | Vaults:1 | Entered Level 1 of the Vaults
 49673 | Vaults:1 | Reached skill level 7 in Air Magic
 49719 | Vaults:1 | Reached skill level 7 in Summonings
 49912 | Vaults:1 | Reached skill level 6 in Charms
 50208 | Vaults:1 | Received a gift from Okawaru
 50218 | Vaults:1 | Reached XP level 21. HP: 117/134 MP: 30/30
 50219 | Vaults:1 | Reached skill level 7 in Armour
 50450 | Vaults:1 | Reached skill level 8 in Air Magic
 50883 | Vaults:2 | HP: 40/134 [entropy weaver (14)]
 51670 | Vaults:2 | Reached skill level 8 in Armour
 51996 | Vaults:2 | Reached skill level 11 in Evocations
 52481 | Vaults:2 | Received a gift from Okawaru
 52512 | Vaults:2 | HP: 31/134 [vault warden/bardiche (19)]
 53101 | Vaults:2 | Reached skill level 18 in Dodging
 53357 | Vaults:3 | Reached skill level 12 in Evocations
 53369 | Vaults:3 | Reached skill level 9 in Armour
 53625 | Vaults:3 | Received a gift from Okawaru
 53726 | Vaults:3 | Reached XP level 22. HP: 110/140 MP: 29/31
 54354 | Vaults:3 | Received a gift from Okawaru
 54361 | Vaults:3 | HP: 42/140 [poisoned by a wolf spider]
 54363 | Vaults:3 | HP: 16/140 [stone giant (illusionary) (22)]
 54991 | Vaults:3 | Noticed Frederick
 54998 | Vaults:3 | Killed Frederick
 55251 | Vaults:3 | Found a basalt altar of Yredelemnul.
 55252 | Vaults:3 | Found a staircase to the Crypt.
 55253 | Vaults:3 | Found an ancient bone altar of Kikubaaqudgha.
 55776 | Vaults:4 | Reached skill level 10 in Armour
 56041 | Vaults:4 | Found Ilore's Jewellery Boutique.
 56081 | Vaults:4 | Paralysed by a sphinx for 7 turns
 56094 | Vaults:4 | Reached skill level 19 in Dodging
 56824 | Vaults:4 | Reached skill level 9 in Invocations
 56835 | Vaults:4 | Reached skill level 16 in Fighting
 57160 | Vaults:4 | Received a gift from Okawaru
 57163 | Vaults:4 | Got a dazzling plate armour {god gift}
 57251 | D:14     | Identified the +7 plate armour of Iraacrat {Int+2} (Okawaru gifted it to you on level 4 of the Vaults)
 57462 | Shoals:1 | Bought the +3 crown of Dyrovepreva {rElec Int+2 SInv} for 703 gold pieces
 57833 | Crypt:1  | Entered Level 1 of the Crypt
 57868 | Vaults:3 | Reached skill level 1 in Translocations
 58137 | Vaults:3 | HP: 31/142 [phantasmal warrior (18)]
 58139 | Vaults:3 | Paralysed by a vampire knight for 4 turns
 58140 | Vaults:3 | HP: 13/142 [phantasmal warrior (18)]
 58142 | Vaults:3 | Mangled by a phantasmal warrior

Vault maps used:
D:1:      roderic_octagonal_star, fountainhead, kennysheep_small_spiral,
          minmay_unequal
D:2:      kennysheep_goblin_castle, chequers_ecumenical_altar_island
D:3:      gup_sewer_entry_spiral, first_bread
D:4:      nemelex_xobeh_ov_fountains_minmay, minmay_misc_feat_square,
          minmay_statues_item
D:5:      serial_shops, kennysheep_little_box, gup_ossuary_entry_pyramid,
          makhleb_altar_promises_db
D:6:      kennysheep_kobold_camp
D:7:      elyvilon_altar_3, lemuel_blue_sif_altar
D:8:      fedhas_altar_2, zin_treasury, kennysheep_mini,
          lemuel_zombie_altar_kikubaaqudgha
D:9:      cheibrodos_elevator_heist, basic_altar
D:11:     david_lair_shrubbed, uniq_harold, uniq_maurice
D:12:     minmay_firetagon, david_orc_3, grunt_ogre_cave
D:13:     serial_shops, bzr_firewalk, stair_cage_open
D:14:     cheibrodos_hippocracy, erik_vaults_1, hangedman_weighted_door,
          minivault_11, minmay_misc_feat_rows, minmay_crystal_room,
          serial_park_tiny_1, dk_noncrumbling_3, nicolae_underground_beach
D:15:     grunt_enter_depths_giant_problem, roderic_chinese_pattern_swastika,
          spider_trap
Temple:   regret_index_temple_waves
Lair:1:   beast_lair_carwin_8, minmay_lair_oklob_chamber,
          infiniplex_staircase_pool_2
Lair:2:   lemuel_fruit_tree, lemuel_fruit_fields, uniq_urug
Lair:3:   minmay_lair_oklob_tunnel, elwin_shoals_entry_rocks, minivault_23,
          ice2_lemuel
Lair:4:   dummy_snake_entry, nicolae_volcano_entry_batcave,
          kennysheep_catoblepas_arena
Lair:5:   slime_altar_2, serial_bayou_shore_a, infiniplex_staircase_pool
Lair:6:   minmay_lair_end_enchanted_forest
Shoals:1: serial_shops, bzr_in_the_mist, shop, nicolae_shop_stone,
          nicolae_shop_waterfront, shop, hangedman_feature_mirror, uniq_donald,
          uniq_louise
Shoals:2: serial_shops, shop_statue, nicolae_shoals_seven_spires
Shoals:3: lightli_airlock
Shoals:4: shoals_end_grunt_ice, shoals_ilsuiw_ice, uniq_ilsuiw, uniq_kirke
Snake:1:  serial_shops, nicolae_shop_crystal
Snake:2:  nicolae_snake_nest, nicolae_coiled_stairwell_up, uniq_nikola
Snake:3:  minmay_shop_grove
Snake:4:  snake_pit, uniq_vashnia, uniq_aizul
Orc:2:    st_orc_elflike
Vaults:1: hangedman_vaults_slice, hangedman_vaults_trim,
          vaults_dpeg_encased_lava, ontoclasm_vaults_hangar,
          nicolae_vaults_border_crossing, ontoclasm_vaults_twist,
          st_smaller_cells, grunt_vaults_swirl, nicolae_vaults_little_squares_6
Vaults:2: v_alt_pattern_5, ontoclasm_vaults_shout, v_misc_4, vaults_room_pools,
          nicolae_vaults_theta, grunt_vaults_bifocal,
          hangedman_vaults_corner_blocks, vaults_dpeg_hooks,
          hangedman_vaults_stretched_pinwheel, vaults_dpeg_cross,
          vaults_room_semicircle, hangedman_vaults_nails, serial_ice_b
Vaults:3: hangedman_vaults_pinch, nicolae_vaults_display_case,
          hangedman_vaults_trim, minmay_crypt_entry_necro_gods,
          dpeg_vaults_monster_box, v_misc_22, vaults_dpeg_ring,
          ontoclasm_vaults_tryst, vaults_standard_mumra_enter_the_diamond,
          v_pattern_5, grunt_vaults_focal, vaults_mumra_hexcomb,
          nicolae_vaults_circle_grid_b, v_misc_22, nicolae_vaults_shelves_hall,
          v_misc_24, v_misc_14, vaults_mumra_lcd, uniq_frederick
Vaults:4: vaults_room_mumra_shop_pool, vaults_standard_mumra_lines, v_misc_13,
          vaults_room_pools, v_misc_24
Crypt:1:  grunt_crypt_arrival_webbed
Bazaar:   bazaar_jpeg_honeycomb, bazaar_jpeg_ribbon
Sewer:    sewer_co_purgy_island
Volcano:  pf_volcano_lost_world

Skill      XL: |  1  2  3  4  5  6  7  8  9 10 11 12 13 14 15 16 17 18 19 20 21 22 |
---------------+-------------------------------------------------------------------+-----
Crossbows      | 3 4 5 6 8 9 10 12 14 16 18 20 21 22 | 22.3
Short Blades   | 1 2 3 4 5 6 |  6.0
Hexes          | 4 5 6 7 9 10 | 10.0
Fighting       | 3 5 8 10 11 13 14 15 16 | 16.1
Invocations    | 2 6 8 9 |  9.4
Dodging        | 5 8 10 12 13 14 15 17 18 19 | 19.3
Spellcasting   | 4 6 |  6.1
Armour         | 2 6 9 10 | 10.0
Evocations     | 1 6 9 10 12 | 12.4
Air Magic      | 1 5 7 8 |  8.0
Charms         | 1 4 6 |  6.0
Summonings     | 5 7 |  7.0
Translocations | 1 |  1.2

Action                   |  1- 3 |  4- 6 |  7- 9 | 10-12 | 13-15 | 16-18 | 19-21 | 22-24 || total
-------------------------+-------+-------+-------+-------+-------+-------+-------+-------++-------
Melee: Short sword       |    78 |    35 |   161 |     7 |       |       |       |       ||   281
       Mace              |       |       |       |   377 |   427 |    13 |   276 |       ||  1093
       Hunting sling     |       |       |       |     1 |       |       |       |       ||     1
       Triple crossbow   |       |       |       |       |       |       |       |     2 ||     2
 Fire: Hand crossbow     |    55 |       |    42 |   131 |       |       |       |       ||   228
       Hunting sling     |     4 |   121 |   272 |   274 |       |       |       |       ||   671
       Triple crossbow   |       |       |       |    52 |   825 |   951 |  1116 |   376 ||  3320
Throw: Throwing net      |       |       |       |     1 |       |     1 |       |       ||     2
 Cast: Corona            |    22 |    25 |    76 |   142 |   129 |     9 |       |     5 ||   408
       Slow              |       |     3 |    46 |   147 |   191 |    50 |       |       ||   437
       Cause Fear        |       |       |       |     4 |     4 |       |       |       ||     8
       Repel Missiles    |       |       |       |       |       |     2 |    15 |     4 ||    21
Invok: Heroism           |       |       |     2 |     6 |    17 |    14 |    12 |     3 ||    54
       Finesse           |       |       |       |       |     1 |     1 |     3 |     2 ||     7
 Abil: Evoke Blink       |       |       |       |       |       |     3 |       |     2 ||     5
       Evoke Flight      |       |       |       |       |       |    11 |    14 |       ||    25
Evoke: Wand              |       |     1 |       |     2 |     3 |     1 |     2 |       ||     9
  Use: Scroll            |     1 |    12 |     8 |     6 |    13 |     9 |     2 |     1 ||    52
       Potion            |       |     1 |     3 |       |       |     6 |     2 |     2 ||    14
 Stab: Held in net/web   |       |       |       |     2 |       |       |       |       ||     2
  Eat: Chunk             |    13 |     7 |    23 |    43 |    47 |    43 |    32 |    12 ||   220
Armor: Robe              |    21 |    18 |       |       |       |       |       |       ||    39
       Troll leather arm |       |     1 |    95 |    75 |       |       |       |       ||   171
       Ring mail         |       |       |       |    22 |    55 |    97 |    60 |    51 ||   285
       Steam dragon scal |       |       |       |       |    61 |       |       |       ||    61
       Acid dragon scale |       |       |       |       |    28 |       |       |       ||    28
Dodge: Dodged            |   119 |    84 |   213 |   374 |  1185 |   603 |   555 |   339 ||  3472
       Deflected         |       |       |       |       |       |     8 |    49 |    17 ||    74
Block: Other             |    27 |    16 |    59 |   157 |   502 |   224 |   203 |   126 ||  1314
       Reflection        |     5 |     2 |     3 |     9 |    25 |    34 |    66 |    11 ||   155

Table legend:
 A = Turns spent in this place as a percentage of turns spent in the entire game.
 B = Non-inter-level travel turns spent in this place as a percentage of non-inter-level travel turns spent in the entire game.
 C = Inter-level travel turns spent in this place as a percentage of turns spent in this place.
 D = Turns resting spent in this place as a percentage of non-inter-level travel turns spent in this place.
 E = Turns spent auto-exploring this place as a percentage of non-inter-level travel turns spent in this place.
 F = Non-inter-level travel turns spent in this place divided by the number of levels of this place that you've seen.
                   A       B       C       D       E      F
               +-------+-------+-------+-------+-------+----------------------
         Total | 100.0 | 100.0 |   0.6 |   1.6 |   2.8 | 604.0
       Dungeon |  36.8 |  36.8 |   0.7 |   1.3 |   3.3 | 607.9
        Temple |   0.1 |   0.1 |  11.8 |   0.0 |  86.7 |  15.0
          Lair |  19.5 |  19.5 |   0.9 |   1.3 |   3.2 | 803.8
        Shoals |   9.3 |   9.3 |   0.5 |   1.5 |   2.8 | 575.2
     Snake Pit |   9.6 |   9.6 |   0.5 |   3.3 |   2.8 | 592.8
  Orcish Mines |   5.2 |   5.2 |   0.8 |   1.9 |   1.1 | 644.5
        Vaults |  15.2 |  15.3 |   0.3 |   1.6 |   2.3 | 945.8
         Crypt |   0.2 |   0.2 |   0.0 |   0.0 |   0.0 |  54.0
        Bazaar |   0.9 |   0.9 |   0.0 |   0.9 |   0.0 | 117.0
         Sewer |   0.8 |   0.8 |   0.0 |   2.1 |   0.0 | 189.0
       Volcano |   2.4 |   2.4 |   0.0 |   0.5 |   0.3 | 586.0
               +-------+-------+-------+-------+-------+----------------------

Vault maps used:
D:1:      roderic_octagonal_star, fountainhead, kennysheep_small_spiral,
          minmay_unequal
D:2:      kennysheep_goblin_castle, chequers_ecumenical_altar_island
D:3:      gup_sewer_entry_spiral, first_bread
D:4:      nemelex_xobeh_ov_fountains_minmay, minmay_misc_feat_square,
          minmay_statues_item
D:5:      serial_shops, kennysheep_little_box, gup_ossuary_entry_pyramid,
          makhleb_altar_promises_db
D:6:      kennysheep_kobold_camp
D:7:      elyvilon_altar_3, lemuel_blue_sif_altar
D:8:      fedhas_altar_2, zin_treasury, kennysheep_mini,
          lemuel_zombie_altar_kikubaaqudgha
D:9:      cheibrodos_elevator_heist, basic_altar
D:11:     david_lair_shrubbed, uniq_harold, uniq_maurice
D:12:     minmay_firetagon, david_orc_3, grunt_ogre_cave
D:13:     serial_shops, bzr_firewalk, stair_cage_open
D:14:     cheibrodos_hippocracy, erik_vaults_1, hangedman_weighted_door,
          minivault_11, minmay_misc_feat_rows, minmay_crystal_room,
          serial_park_tiny_1, dk_noncrumbling_3, nicolae_underground_beach
D:15:     grunt_enter_depths_giant_problem, roderic_chinese_pattern_swastika,
          spider_trap
Temple:   regret_index_temple_waves
Lair:1:   beast_lair_carwin_8, minmay_lair_oklob_chamber,
          infiniplex_staircase_pool_2
Lair:2:   lemuel_fruit_tree, lemuel_fruit_fields, uniq_urug
Lair:3:   minmay_lair_oklob_tunnel, elwin_shoals_entry_rocks, minivault_23,
          ice2_lemuel
Lair:4:   dummy_snake_entry, nicolae_volcano_entry_batcave,
          kennysheep_catoblepas_arena
Lair:5:   slime_altar_2, serial_bayou_shore_a, infiniplex_staircase_pool
Lair:6:   minmay_lair_end_enchanted_forest
Shoals:1: serial_shops, bzr_in_the_mist, shop, nicolae_shop_stone,
          nicolae_shop_waterfront, shop, hangedman_feature_mirror, uniq_donald,
          uniq_louise
Shoals:2: serial_shops, shop_statue, nicolae_shoals_seven_spires
Shoals:3: lightli_airlock
Shoals:4: shoals_end_grunt_ice, shoals_ilsuiw_ice, uniq_ilsuiw, uniq_kirke
Snake:1:  serial_shops, nicolae_shop_crystal
Snake:2:  nicolae_snake_nest, nicolae_coiled_stairwell_up, uniq_nikola
Snake:3:  minmay_shop_grove
Snake:4:  snake_pit, uniq_vashnia, uniq_aizul
Orc:2:    st_orc_elflike
Vaults:1: hangedman_vaults_slice, hangedman_vaults_trim,
          vaults_dpeg_encased_lava, ontoclasm_vaults_hangar,
          nicolae_vaults_border_crossing, ontoclasm_vaults_twist,
          st_smaller_cells, grunt_vaults_swirl, nicolae_vaults_little_squares_6
Vaults:2: v_alt_pattern_5, ontoclasm_vaults_shout, v_misc_4, vaults_room_pools,
          nicolae_vaults_theta, grunt_vaults_bifocal,
          hangedman_vaults_corner_blocks, vaults_dpeg_hooks,
          hangedman_vaults_stretched_pinwheel, vaults_dpeg_cross,
          vaults_room_semicircle, hangedman_vaults_nails, serial_ice_b
Vaults:3: hangedman_vaults_pinch, nicolae_vaults_display_case,
          hangedman_vaults_trim, minmay_crypt_entry_necro_gods,
          dpeg_vaults_monster_box, v_misc_22, vaults_dpeg_ring,
          ontoclasm_vaults_tryst, vaults_standard_mumra_enter_the_diamond,
          v_pattern_5, grunt_vaults_focal, vaults_mumra_hexcomb,
          nicolae_vaults_circle_grid_b, v_misc_22, nicolae_vaults_shelves_hall,
          v_misc_24, v_misc_14, vaults_mumra_lcd, uniq_frederick
Vaults:4: vaults_room_mumra_shop_pool, vaults_standard_mumra_lines, v_misc_13,
          vaults_room_pools, v_misc_24
Crypt:1:  grunt_crypt_arrival_webbed
Bazaar:   bazaar_jpeg_honeycomb, bazaar_jpeg_ribbon
Sewer:    sewer_co_purgy_island
Volcano:  pf_volcano_lost_world
